 Dungeon Crawl Stone Soup version 0.26-a0-487-gbff1e92059 (webtiles) character file.

Game seed: 2187310627833848664

23 Infinimo the Firebug (level 3, 0/20 HPs)
             Began as a Tengu Fire Elementalist on Aug 1, 2020.
             Slain by a jackal (2 damage)
             ... on level 2 of the Dungeon.
             The game lasted 00:00:48 (589 turns).

Infinimo the Firebug (Tengu Fire Elementalist)       Turns: 589, Time: 00:00:49

Health: 0/20       AC:  2    Str:  8    XL:     3   Next: 0%
Magic:  4/7        EV: 12    Int: 16    God:
Gold:   35         SH:  0    Dex: 14    Spells: 5/6 levels left

rFire    . . .     SeeInvis .   d - +0 club
rCold    . . .     Faith    .   (no shield)
rNeg     . . .     Spirit   .   a - +0 robe
rPois    .         Reflect  .   (helmet restricted)
rElec    .         Harm     .   (no cloak)
rCorr    .                      (no gloves)
MR       .....                  (boots unavailable)
Stlth    ++........             (no amulet)
HPRegen  0.06/turn              (no ring)
MPRegen  0.10/turn              (no ring)

@: no status effects
A: beak, talons 3
a: no special abilities


You were on level 2 of the Dungeon.
You visited 1 branch of the dungeon, and saw 2 of its levels.

You collected 35 gold pieces.

Inventory:

Hand Weapons
 d - a +0 club (weapon)
Armour
 a - a +0 robe (worn)
Jewellery
 f - a +4 ring of evasion {unknown}
Scrolls
 g - a scroll of remove curse {unknown}
Potions
 b - a potion of curing {unknown}
 c - a potion of lignification {unknown}
 e - 2 potions of ambrosia {unknown}


   Skills:
 + Level 0.8 Fighting
 - Level 2.1 Dodging
 - Level 2.0 Stealth
 + Level 2.2 Spellcasting
 * Level 2.3 Conjurations
 * Level 3.7 Fire Magic


You had 5 spell levels left.
You knew the following spells:

 Your Spells              Type           Power        Failure   Level
a - Foxfire               Conj/Fire      ##..         6%          1

Your spell library contained the following spells:

 Spells                   Type           Power        Failure   Level
 Conjure Flame            Conj/Fire      ##......     17%         3
 Inner Flame              Hex/Fire       #.......     28%         3
 Sticky Flame             Conj/Fire      ##......     50%         4
 Fireball                 Conj/Fire      ##........   85%         5


Dungeon Overview and Level Annotations

Branches:
Dungeon (1/15)

Altars:


Innate Abilities, Weirdness & Mutations

You have a beak for a mouth.
You have claws for feet.


Message History

The foxfire hits the dart slug.
The dart slug is lightly wounded.
The foxfire hits the dart slug.
The dart slug is heavily wounded.
The jackal bites you.
* * * LOW HITPOINT WARNING * * *
Casting: Foxfire (safe; 6% risk of failure)
Confirm with . or Enter, or press ? or * to list all spells.
You conjure some foxfire!
The dart slug bites you.
* * * LOW HITPOINT WARNING * * *
The foxfire hits the dart slug.
The dart slug is severely wounded.
The foxfire hits the dart slug.
You kill the dart slug!
You have reached level 3!
Your experience leads to an increase in your attributes!
Increase (S)trength, (I)ntelligence, or (D)exterity?
You feel clever. The jackal bites you.
You die...

#.......######
#.......# ###.#####
#.# ############# #.#
#...........# # #.#
#...........#
#.#.###...........#
#...)##..†§.h.....#
#..........@†.....#
#....##.....h.....#
.......##...........#
####...##.....?.....#
#...###########.##
##### #


You could see 2 jackals.

Vanquished Creatures
  A dart slug (D:2)
  A leopard gecko (D:2)
  5 goblins (D:1)
  2 hobgoblins
  2 jackals (D:2)
  A kobold (D:1)
  A ball python (D:1)
  4 bats
  A frilled lizard (D:1)
18 creatures vanquished.

Vanquished Creatures (others)
  40 foxfires
40 creatures vanquished.

Grand Total: 58 creatures vanquished

Notes
Turn   | Place    | Note
-------+----------+-------------------------------------------
     0 | D:1      | Infinimo the Tengu Fire Elementalist began the quest for
                  | the Orb.
     0 | D:1      | Reached XP level 1. HP: 10/10 MP: 4/4
   149 | D:1      | Reached XP level 2. HP: 16/16 MP: 1/6
   544 | D:1      | You fall into a shaft and drop 1 floor!
   589 | D:2      | Reached XP level 3. HP: 2/20 MP: 4/7
   589 | D:2      | Slain by a jackal

Illustrated notes

Levels and vault maps discovered:
D:1:      eino_arrival_druids_welcome, layout_rooms, serial_bayou_crossing
D:2:      layout_basic

Skill      XL: |  1 |
---------------+----+-----
Conjurations   | 2 |  2.3
Fighting       | |  0.8
Dodging        | |  2.1
Stealth        | |  2.0
Spellcasting   | |  2.2
Fire Magic     | |  3.7

Action                   || total
-------------------------++-------
Melee: Club              ||    21
       Kick              ||     3
       Peck              ||     1
 Cast: Foxfire           ||    22
Armor: Robe              ||     4
Dodge: Dodged            ||    25

Table legend: (Time is in decaauts)
 A = Elapsed time spent in this place.
 B = Non-inter-level travel time spent in this place.
 C = Inter-level travel time spent in this place.
 D = Time resting spent in this place.
 E = Time spent auto-exploring this place.
 F = Levels seen in this place.
 G = Mean time per level.
                   A        B        C        D        E       F      G
               +--------+--------+--------+--------+--------+-----+--------+
         Total |    594 |    594 |      0 |      0 |    484 |   2 |  297.0 |
       Dungeon |    594 |    594 |      0 |      0 |    484 |   2 |  297.0 |
               +--------+--------+--------+--------+--------+-----+--------+

Top non-repeatable levels by time:
     D:1: 546 daAuts
     D:2: 47 daAuts
